| TOP OF THE 1ST |
|
Port-au-Prince Pirates batting - Pitching for Puerto Barrios Generals : RHP Brian Fisher
|
|
Pitching: RHP Brian Fisher
|
|
|
Batting: SHB David Miller
|
0-0: Bunted foul 0-1: Foul Ball, location: 2F 0-2: Ball 1-2: Ground out 4-3 (Groundball, 4, EV 106.3 MPH)
|
|
Batting: RHB Bobby Miscik
|
0-0: Ground out 4-3 (Groundball, 4MD, EV 109.4 MPH)
|
|
Batting: RHB Dennis Tiefenthaler
|
0-0: Called Strike 0-1: Ball 1-1: Called Strike 1-2: Ball 2-2: Ball 3-2: Base on Balls
|
|
Batting: LHB John Edmonds
|
0-0: Called Strike Dennis Tiefenthaler is caught stealing 2nd base 2-6
|
| Top of the 1st over - 0 runs, 0 hits, 0 errors, 0 left on base; Port-au-Prince 0 - Puerto Barrios 0 |
| BOTTOM OF THE 1ST |
|
Puerto Barrios Generals batting - Pitching for Port-au-Prince Pirates : LHP Ron Jensen
|
|
Pitching: LHP Ron Jensen
|
|
|
Batting: SHB Vince Coleman
|
0-0: Ball 1-0: Ball 2-0: Ball 3-0: Called Strike 3-1: Base on Balls
|
|
Batting: LHB Andy Guerrero
|
0-0: Called Strike 0-1: Ball 1-1: Ball Vince Coleman steals 2nd, throwing error, E2 Vince Coleman to third 2-1: Called Strike 2-2: Ball 3-2: Foul Ball, location: 2F 3-2: Fly out, F8 (Flyball, 8LXD, EV 98.8 MPH) Runner from 3rd tags up, SCORES, no throw by CF
|
|
Batting: LHB Ty Gainey
|
0-0: Called Strike 0-1: Swinging Strike 0-2: Fly out, F6 (Line Drive, 6, EV 68.8 MPH)
|
|
Batting: LHB Randy Bush
|
0-0: Ball 1-0: Ball 2-0: SINGLE (Groundball, 6D, EV 96.3 MPH)
|
|
Batting: RHB Mike Diaz
|
0-0: Ball 1-0: Ball 2-0: Called Strike 2-1: SINGLE (Flyball, 4D, EV 93.1 MPH) Randy Bush to second Runner from 2nd tries for 3rd, SAFE, throw by RF made to third
|
|
Batting: LHB Pedro Rabassa
|
0-0: Foul Ball, location: 2F 0-1: Ball 1-1: Ball 2-1: Foul Ball, location: 2F 2-2: Ball 3-2: Ground out 4-3 (Groundball, 4, EV 80.6 MPH)
|
| Bottom of the 1st over - 1 run, 2 hits, 1 error, 2 left on base; Port-au-Prince 0 - Puerto Barrios 1 |
| TOP OF THE 2ND |
|
Port-au-Prince Pirates batting - Pitching for Puerto Barrios Generals : RHP Brian Fisher
|
|
Batting: LHB John Edmonds
|
0-0: Ball 1-0: Called Strike 1-1: Swinging Strike 1-2: Ground out 3-1 (Groundball, 34, EV 98.8 MPH)
|
|
Batting: RHB Ronald Carapezzi
|
0-0: Called Strike 0-1: Ball 1-1: Ball 2-1: Foul Ball, location: 2F 2-2: SINGLE (Groundball, 56D, EV 107.5 MPH)
|
|
Batting: SHB Thomas Colburn
|
0-0: Swinging Strike 0-1: Called Strike 0-2: Strikes out looking
|
|
Batting: RHB Augie Schmidt
|
0-0: Called Strike 0-1: Ground out 4-3 (Groundball, 4, EV 101.9 MPH)
|
| Top of the 2nd over - 0 runs, 1 hit, 0 errors, 1 left on base; Port-au-Prince 0 - Puerto Barrios 1 |
| BOTTOM OF THE 2ND |
|
Puerto Barrios Generals batting - Pitching for Port-au-Prince Pirates : LHP Ron Jensen
|
|
Batting: SHB Doug Baker
|
0-0: Called Strike 0-1: Foul Ball, location: 2F 0-2: Strikes out looking
|
|
Batting: RHB Mark Sproesser
|
0-0: Ball 1-0: Ball 2-0: Ball 3-0: Called Strike 3-1: Base on Balls
|
|
Batting: LHB Alex Mata
|
0-0: Called Strike 0-1: Fly out, F9 (Line Drive, 9, EV 88.1 MPH)
|
|
Batting: SHB Vince Coleman
|
0-0: Called Strike 0-1: Ball 1-1: Fly out, F6 (Line Drive, 6, EV 69.4 MPH)
|
| Bottom of the 2nd over - 0 runs, 0 hits, 0 errors, 1 left on base; Port-au-Prince 0 - Puerto Barrios 1 |
| TOP OF THE 3RD |
|
Port-au-Prince Pirates batting - Pitching for Puerto Barrios Generals : RHP Brian Fisher
|
|
Batting: RHB Gerry Melillo
|
0-0: Ball 1-0: Called Strike 1-1: Foul Ball, location: 2F 1-2: SINGLE (Line Drive, 89M, EV 88.8 MPH)
|
|
Batting: SHB Michael Kennedy
|
0-0: Called Strike 0-1: Foul Ball, location: 2F 0-2: Ball 1-2: Ball 2-2: Ball 3-2: Strikes out swinging
|
|
Batting: SHB David Miller
|
0-0: Called Strike 0-1: Ball 1-1: Fielders Choice at 2nd, 4-6 (Groundball, 34, EV 103.1 MPH)
|
|
Batting: RHB Bobby Miscik
|
0-0: Ball 1-0: Called Strike David Miller steals 2nd base 1-1: Ball 2-1: Foul Ball, location: 2F 2-2: Ball 3-2: 2-RUN HOME RUN (Flyball, 7LD, EV 99.4 MPH), Distance : 357 ft
|
|
Batting: RHB Dennis Tiefenthaler
|
0-0: Ball 1-0: Foul Ball, location: 2F 1-1: Ball 2-1: Ball 3-1: Called Strike 3-2: Base on Balls
|
|
Batting: LHB John Edmonds
|
0-0: SINGLE (Groundball, 4M, EV 105.0 MPH) (infield hit) Dennis Tiefenthaler to second
|
|
Batting: RHB Ronald Carapezzi
|
0-0: Called Strike 0-1: Swinging Strike 0-2: Foul Ball, location: 2F 0-2: Ball 1-2: Foul Ball, location: 2F 1-2: Ball 2-2: Ball 3-2: Ground out 6-3 (Groundball, 6MD, EV 105.0 MPH)
|
| Top of the 3rd over - 2 runs, 3 hits, 0 errors, 2 left on base; Port-au-Prince 2 - Puerto Barrios 1 |
| BOTTOM OF THE 3RD |
|
Puerto Barrios Generals batting - Pitching for Port-au-Prince Pirates : LHP Ron Jensen
|
|
Batting: LHB Andy Guerrero
|
0-0: Foul Ball, location: 2F 0-1: Bunted foul 0-2: Ground out U3 (Groundball, 34, EV 83.8 MPH)
|
|
Batting: LHB Ty Gainey
|
0-0: Ball 1-0: Fly out, F9 (Flyball, 89D, EV 90.6 MPH)
|
|
Batting: LHB Randy Bush
|
0-0: Ball 1-0: Swinging Strike 1-1: SINGLE (Groundball, 4MD, EV 105.0 MPH)
|
|
Batting: RHB Mike Diaz
|
0-0: Ball 1-0: Swinging Strike 1-1: Ball 2-1: Called Strike 2-2: Foul Ball, location: 2F 2-2: Strikes out looking
|
| Bottom of the 3rd over - 0 runs, 1 hit, 0 errors, 1 left on base; Port-au-Prince 2 - Puerto Barrios 1 |
| TOP OF THE 4TH |
|
Port-au-Prince Pirates batting - Pitching for Puerto Barrios Generals : RHP Brian Fisher
|
|
Batting: SHB Thomas Colburn
|
0-0: Ball 1-0: Called Strike 1-1: Swinging Strike 1-2: Strikes out swinging
|
|
Batting: RHB Augie Schmidt
|
0-0: Ball 1-0: Fly out, F9 (Flyball, 9D, EV 93.1 MPH)
|
|
Batting: RHB Gerry Melillo
|
0-0: Ball 1-0: Foul Ball, location: 2F 1-1: Ground out U3 (Groundball, 3S, EV 86.9 MPH)
|
| Top of the 4th over - 0 runs, 0 hits, 0 errors, 0 left on base; Port-au-Prince 2 - Puerto Barrios 1 |
| BOTTOM OF THE 4TH |
|
Puerto Barrios Generals batting - Pitching for Port-au-Prince Pirates : LHP Ron Jensen
|
|
Batting: LHB Pedro Rabassa
|
0-0: Called Strike 0-1: Ball 1-1: Ball 2-1: Ball 3-1: Swinging Strike 3-2: Foul Ball, location: 2F 3-2: Strikes out looking
|
|
Batting: SHB Doug Baker
|
0-0: Swinging Strike 0-1: Ball 1-1: Foul Ball, location: 2F 1-2: Ball 2-2: Ball 3-2: Foul Ball, location: 2F 3-2: Base on Balls
|
|
Batting: RHB Mark Sproesser
|
0-0: Grounds into double play, 6-4-3 (Groundball, 6M, EV 83.8 MPH)
|
| Bottom of the 4th over - 0 runs, 0 hits, 0 errors, 0 left on base; Port-au-Prince 2 - Puerto Barrios 1 |
| TOP OF THE 5TH |
|
Port-au-Prince Pirates batting - Pitching for Puerto Barrios Generals : RHP Brian Fisher
|
|
Batting: SHB Michael Kennedy
|
0-0: SINGLE (Groundball, 34D, EV 96.3 MPH)
|
|
Batting: SHB David Miller
|
0-0: Ball 1-0: Fly out, F8 (Flyball, 8RM, EV 90.6 MPH)
|
|
Batting: RHB Bobby Miscik
|
0-0: Swinging Strike 0-1: Swinging Strike 0-2: Ball 1-2: Ball 2-2: Ground out 6-3 (Groundball, 6MS, EV 85.0 MPH) Michael Kennedy to second
|
|
Batting: RHB Dennis Tiefenthaler
|
0-0: Ball 1-0: Ground out 6-3 (Groundball, 6M, EV 81.3 MPH)
|
| Top of the 5th over - 0 runs, 1 hit, 0 errors, 1 left on base; Port-au-Prince 2 - Puerto Barrios 1 |
| BOTTOM OF THE 5TH |
|
Puerto Barrios Generals batting - Pitching for Port-au-Prince Pirates : LHP Ron Jensen
|
|
Batting: LHB Alex Mata
|
0-0: Swinging Strike 0-1: Ball 1-1: Ball 2-1: Ball 3-1: Swinging Strike 3-2: Fly out, F8 (Flyball, 8RD, EV 85.0 MPH)
|
|
Batting: SHB Vince Coleman
|
0-0: Ball 1-0: Ball 2-0: Ball 3-0: Called Strike 3-1: Base on Balls
|
|
Batting: LHB Andy Guerrero
|
0-0: Called Strike 0-1: Ball Vince Coleman steals 2nd base 1-1: Ball 2-1: Foul Ball, location: 2F 2-2: Fly out, F8 (Flyball, 78M, EV 86.9 MPH)
|
|
Batting: LHB Ty Gainey
|
0-0: Foul Ball, location: 2F 0-1: Ball 1-1: Called Strike 1-2: Strikes out swinging
|
| Bottom of the 5th over - 0 runs, 0 hits, 0 errors, 1 left on base; Port-au-Prince 2 - Puerto Barrios 1 |
| TOP OF THE 6TH |
|
Port-au-Prince Pirates batting - Pitching for Puerto Barrios Generals : RHP Brian Fisher
|
|
Batting: LHB John Edmonds
|
0-0: Foul Ball, location: 2F 0-1: Ground out 5-3 (Groundball, 5, EV 85.6 MPH)
|
|
Batting: RHB Ronald Carapezzi
|
0-0: Foul Ball, location: 2F 0-1: Ball 1-1: Ground out 4-3 (Groundball, 4, EV 80.6 MPH)
|
|
Batting: SHB Thomas Colburn
|
0-0: Called Strike 0-1: Called Strike 0-2: Ball 1-2: Ball 2-2: Strikes out looking
|
| Top of the 6th over - 0 runs, 0 hits, 0 errors, 0 left on base; Port-au-Prince 2 - Puerto Barrios 1 |
| BOTTOM OF THE 6TH |
|
Puerto Barrios Generals batting - Pitching for Port-au-Prince Pirates : LHP Ron Jensen
|
|
Batting: LHB Randy Bush
|
0-0: Called Strike 0-1: Ball 1-1: Foul Ball, location: 2F 1-2: Ball 2-2: Foul Ball, location: 2F 2-2: Foul Ball, location: 2F 2-2: Ball 3-2: Foul Ball, location: 2F 3-2: Fly out, F5 (Popup, 5S, EV 77.5 MPH)
|
|
Batting: RHB Mike Diaz
|
0-0: Called Strike 0-1: Fly out, F7 (Flyball, 78S, EV 71.3 MPH)
|
|
Batting: LHB Pedro Rabassa
|
0-0: Ball 1-0: Ball 2-0: Foul Ball, location: 2F 2-1: Fly out, F8 (Flyball, 78XD, EV 95.0 MPH)
|
| Bottom of the 6th over - 0 runs, 0 hits, 0 errors, 0 left on base; Port-au-Prince 2 - Puerto Barrios 1 |
| TOP OF THE 7TH |
|
Port-au-Prince Pirates batting - Pitching for Puerto Barrios Generals : RHP Brian Fisher
|
|
Batting: RHB Augie Schmidt
|
0-0: Called Strike 0-1: SINGLE (Groundball, 6MD, EV 95.0 MPH)
|
|
Batting: RHB Gerry Melillo
|
0-0: Ball 1-0: Swinging Strike 1-1: Called Strike 1-2: Foul Ball, location: 2F 1-2: Ball 2-2: Ball 3-2: Base on Balls Augie Schmidt to second
|
|
Batting: SHB Michael Kennedy
|
0-0: Ball 1-0: Swinging Strike 1-1: Foul Ball, location: 2F 1-2: Foul Ball, location: 2F 1-2: Ball 2-2: Ball 3-2: Strikes out swinging
|
|
Batting: SHB David Miller
|
0-0: Ball 1-0: SINGLE (Line Drive, 34D, EV 96.3 MPH) Augie Schmidt to third Gerry Melillo to second Runner from 3rd tries for Home, SAFE, throw by RF to home
|
|
Batting: RHB Bobby Miscik
|
0-0: Swinging Strike 0-1: DOUBLE (Groundball, 3L, EV 98.8 MPH) Gerry Melillo scores David Miller to third Runner from 3rd tries for Home, SAFE, throw by RF to home
|
|
Pitching: RHP Armando Gutierrez
|
|
|
Batting: RHB Dennis Tiefenthaler
|
0-0: Ball 1-0: Foul Ball, location: 2F 1-1: Swinging Strike 1-2: Ball 2-2: Strikes out swinging
|
|
Batting: LHB John Edmonds
|
0-0: SINGLE (Flyball, 4D, EV 93.1 MPH) Bobby Miscik to third Runner from 3rd tries for Home, SAFE, throw by CF to home John Edmonds to second
|
|
Batting: RHB Ronald Carapezzi
|
0-0: DOUBLE (Line Drive, 78M, EV 95.0 MPH) John Edmonds scores
|
|
Batting: SHB Thomas Colburn
|
0-0: Ball 1-0: Ball 2-0: Fly out, F3 (Popup, 34, EV 53.8 MPH)
|
| Top of the 7th over - 5 runs, 5 hits, 0 errors, 1 left on base; Port-au-Prince 7 - Puerto Barrios 1 |
| BOTTOM OF THE 7TH |
|
Puerto Barrios Generals batting - Pitching for Port-au-Prince Pirates : LHP Ron Jensen
|
|
Pitching: LHP Daniel Brown
|
|
|
Batting: SHB Doug Baker
|
0-0: Called Strike 0-1: Swinging Strike 0-2: Ground out 4-3 (Groundball, 4M, EV 100.0 MPH)
|
|
Batting: RHB Mark Sproesser
|
0-0: Ball 1-0: Ball 2-0: Ball 3-0: Called Strike 3-1: Swinging Strike 3-2: Foul Ball, location: 2F 3-2: Base on Balls
|
|
Batting: LHB Alex Mata
|
0-0: Ball 1-0: Ball 2-0: Foul Ball, location: 2F 2-1: Fly out, F9 (Flyball, 89D, EV 95.0 MPH)
|
|
Batting: SHB Vince Coleman
|
0-0: Swinging Strike 0-1: Fielders Choice at 2nd, 5-4 (Groundball, 5, EV 85.0 MPH)
|
| Bottom of the 7th over - 0 runs, 0 hits, 0 errors, 1 left on base; Port-au-Prince 7 - Puerto Barrios 1 |
| TOP OF THE 8TH |
|
Port-au-Prince Pirates batting - Pitching for Puerto Barrios Generals : RHP Armando Gutierrez
|
|
Batting: RHB Augie Schmidt
|
0-0: Called Strike 0-1: Ball 1-1: Ball 2-1: Ball 3-1: Foul Ball, location: 2F 3-2: Strikes out swinging
|
|
Batting: RHB Gerry Melillo
|
0-0: Ball 1-0: Fly out, F4 (Line Drive, 4, EV 76.3 MPH)
|
|
Batting: SHB Michael Kennedy
|
0-0: Ground out 5-3 (Groundball, 5, EV 106.9 MPH)
|
| Top of the 8th over - 0 runs, 0 hits, 0 errors, 0 left on base; Port-au-Prince 7 - Puerto Barrios 1 |
| BOTTOM OF THE 8TH |
|
Puerto Barrios Generals batting - Pitching for Port-au-Prince Pirates : LHP Daniel Brown
|
|
Batting: LHB Andy Guerrero
|
0-0: Ball 1-0: Ball 2-0: Foul Ball, location: 2F 2-1: Fly out, F8 (Flyball, 89M, EV 93.1 MPH)
|
|
Batting: LHB Ty Gainey
|
0-0: Ball 1-0: Called Strike 1-1: Swinging Strike 1-2: Ball 2-2: Fly out, F9 (Flyball, 9, EV 87.5 MPH)
|
|
Batting: LHB Randy Bush
|
0-0: Ground out 4-3 (Groundball, 4, EV 91.3 MPH)
|
| Bottom of the 8th over - 0 runs, 0 hits, 0 errors, 0 left on base; Port-au-Prince 7 - Puerto Barrios 1 |
| TOP OF THE 9TH |
|
Port-au-Prince Pirates batting - Pitching for Puerto Barrios Generals : RHP Armando Gutierrez
|
|
Pitching: LHP Frank Treto
|
|
|
Batting: SHB David Miller
|
0-0: Ground out 3-1 (Groundball, 13, EV 82.5 MPH)
|
|
Batting: RHB Bobby Miscik
|
0-0: Ground out 6-3 (Groundball, 6, EV 105.0 MPH)
|
|
Batting: RHB Dennis Tiefenthaler
|
0-0: Called Strike 0-1: Swinging Strike 0-2: Foul Ball, location: 2F 0-2: Foul Ball, location: 2F 0-2: Strikes out swinging
|
| Top of the 9th over - 0 runs, 0 hits, 0 errors, 0 left on base; Port-au-Prince 7 - Puerto Barrios 1 |
| BOTTOM OF THE 9TH |
|
Puerto Barrios Generals batting - Pitching for Port-au-Prince Pirates : LHP Daniel Brown
|
|
Batting: RHB Mike Diaz
|
0-0: Ground out 6-3 (Groundball, 6, EV 101.9 MPH)
|
|
Batting: LHB Pedro Rabassa
|
0-0: Ball 1-0: Foul Ball, location: 2F 1-1: Ball 2-1: Ground out 6-3 (Groundball, 4MS, EV 86.3 MPH)
|
|
Batting: SHB Doug Baker
|
0-0: Ball 1-0: TRIPLE (Flyball, 89XD, EV 103.8 MPH)
|
|
Batting: RHB Mark Sproesser
|
0-0: Ball 1-0: Called Strike 1-1: Foul Ball, location: 2F 1-2: Ground out 4-3 (Groundball, 4, EV 88.8 MPH)
|
| Bottom of the 9th over - 0 runs, 1 hit, 0 errors, 1 left on base; Port-au-Prince 7 - Puerto Barrios 1 |
|